AoeStats
← Garoh

Arabia

508293006Analyzed
1v1 RM · 11d ago on Sep 21, 2026· 29m 42s· 2 players
Game mode
Random Map
Map size
Tiny (2 player)
Population
200
Speed
Normal
Resources
Standard
Victory
Conquest
Starting age
Dark Age
Ending age
Imperial Age
RankedLock teamsTeams togetherTeam positionsShared explorationLock speedFull tech treeHidden civsTurbo modeCheats
Victory
Defeat
🇦🇷 Burgundians · Argentina
1294
+15
🇩🇪 Teutons · Germany
1278
-15
Garoh
8:29 Loom
10:15 Feudal Age
11:24 Double-Bit Axe
11:20 Horse Collar
13:06 Gold Mining
15:24 Wheelbarrow
18:48 Castle Age
17:55 Bloodlines
17:51 Scale Barding Armor
22:12 Bow Saw
22:05 Heavy Plow
23:44 Stone Mining
25:57 Squires
25:58 Scale Mail Armor
27:27 Forging
29:56 Fletching
theWarlock
6:36 Loom
9:30 Feudal Age
9:14 Double-Bit Axe
9:15 Horse Collar
13:50 Heavy Plow
20:44 Gold Mining
23:19 Castle Age
21:34 Forging
22:38 Gold Shaft Mining
22:32 Scale Barding Armor
23:21 Cavalier
24:29 Chain Barding Armor
28:44 Iron Casting
Connection lost

Rejoining the realm…

Still unreachable

The connection could not be restored.

Session expired

The server has moved on; the page needs a fresh start.